 Dungeon Crawl Stone Soup version 0.31.0-11-ge490571c62 (webtiles) character file.

Game seed: 1908082682242497396

125 qw the Ducker (level 4, -4/22 HPs)
             Began as a Spriggan Hunter on Feb 3, 2024.
             Incinerated by a bombardier beetle (5 damage)
             ... with a burning spray
             ... on level 3 of the Dungeon.
             The game lasted 00:00:03 (1244 turns).

qw the Ducker (Spriggan Hunter)                     Turns: 1244, Time: 00:00:04

Health: -4/22      AC:  6    Str:  7    XL:     4   Next: 82%
Magic:  5/5        EV: 25    Int: 10    God:
Gold:   93         SH:  0    Dex: 20    Spells: 3/3 levels left

rFire   . . .        a - +0 shortbow
rCold   . . .        (shield currently unavailable)
rNeg    . . .        c - +0 robe
rPois   .            (helmet restricted)
rElec   .            (no cloak)
rCorr   .            (gloves unavailable)
SInv    +            (boots unavailable)
Will    .....        (no amulet)
Stlth   +            b - +4 ring of protection
HPRegen 0.23/turn    f - +5 ring of evasion
MPRegen 0.09/turn

%: no passive effects
@: on fire, glowing, very quick
A: very small, no large weapons, unfitting armour, see invisible, speed 3
a: no special abilities


You were on level 3 of the Dungeon.
You visited 1 branch of the dungeon, and saw 3 of its levels.

You collected 93 gold pieces.


Innate Abilities, Weirdness & Mutations

You are very small and have problems with some larger weapons.
You are too small for most types of armour.
You have supernaturally acute eyesight. (SInv)
You cover ground extremely quickly. (Speed+++)


   Skills:
 + Level 1.5 Fighting
 - Level 5.0 Ranged Weapons
 - Level 5.4 Dodging
 - Level 1.5 Stealth


You had 3 spell levels left.
You didn't know any spells.
Your spell library was empty.

Inventory:

Hand Weapons
 a - a +0 shortbow (weapon)
Armour
 c - a +0 robe (worn)
Jewellery
 b - a +4 ring of protection (left hand)
 f - a +5 ring of evasion (right hand)
Potions
 d - a potion of curing
 e - a potion of heal wounds
 h - a potion of mutation {unknown}
 j - 2 potions of might {unknown}

Dungeon Overview and Level Annotations

Branches:
Dungeon (3/15)

Altars:


Message History

There is a stone staircase leading up here.
Waypoint 2 assigned to D:3.
Found a club.
Found 3 poisoned darts.
Found a blade talisman.
j - 2 lumpy dark potions (gained 1)
You see here a +0 club.
You now have 93 gold pieces (gained 14).
Found a book of Debilitation.
A bombardier beetle comes into view.
You shoot an arrow.
The arrow hits the bombardier beetle but does no damage.
You shoot an arrow. The arrow hits the bombardier beetle!
The bombardier beetle is heavily wounded.
You shoot an arrow. The arrow hits the bombardier beetle.
The bombardier beetle is severely wounded.
You shoot an arrow. The arrow hits the bombardier beetle.
The bombardier beetle is severely wounded.
You shoot an arrow. The arrow hits the bombardier beetle.
The bombardier beetle is almost dead.
The bombardier beetle sprays incendiary fluid at you.
The burning spray hits you.
You are covered in liquid fire!
You shoot an arrow. The arrow hits the bombardier beetle.
The bombardier beetle is almost dead.
The liquid fire burns you!
You shoot an arrow.
The arrow closely misses the bombardier beetle.
The liquid fire burns you!
You shoot an arrow. The arrow hits the bombardier beetle.
You kill the bombardier beetle!
The liquid fire burns you!
Your Dodging skill increases to level 5!
You are on fire!
The liquid fire burns you!
You are on fire!
The liquid fire burns you!
You are on fire!
The liquid fire burns you!
You die...

#.# .#
#.#####.# #.#
#.......#####.#
#.#.........#.#
#.###.###.#.# #
#.# #.#.#
#.###.#.#
#.##....#######
#.##...@.......
#...........:..
####..#####.##.
#..# # #..#
#..# ...# ##


There were no monsters in sight!

Vanquished Creatures
  A bombardier beetle (D:3)
  Terence (D:2)
  2 adders (D:2)
  3 dart slugs
  A ribbon worm (D:2)
  6 ball pythons
  2 endoplasms
  A giant cockroach (D:2)
  3 goblins
  3 hobgoblins
  3 kobolds (D:1)
  A quokka (D:2)
  6 bats
  3 frilled lizards
  A rat (D:2)
37 creatures vanquished.

Notes
Turn   | Place    | Note
-------+----------+-------------------------------------------
     0 | D:1      | qw the Spriggan Hunter began the quest for the Orb.
     0 | D:1      | Reached XP level 1. HP: 10/10 MP: 2/2
     0 | D:1      | 0 ||| qw: Version: 0.3-a-155-g5e7d8dd
     0 | D:1      | 0 ||| qw: Game counter: 3414
     0 | D:1      | 0 ||| qw: Melee chars always use a shield: true
     0 | D:1      | 0 ||| qw: God list: Okawaru
     0 | D:1      | 0 ||| qw: Allow faded altars: false
     0 | D:1      | 0 ||| qw: Do Orc after clearing Dungeon:15 true
     0 | D:1      | 0 ||| qw: Do second Lair branch before Depths: true
     0 | D:1      | 0 ||| qw: Lair rune preference: random
     0 | D:1      | 0 ||| qw: Goals: Normal
     0 | D:1      | 0 ||| PLANNING D:1-11
    92 | D:1      | Reached skill level 3 in Dodging
   161 | D:1      | Reached XP level 2. HP: 14/14 MP: 3/3
   438 | D:1      | 438 ||| READING scroll labelled EXYM TUSIRAIGUPPA.
   439 | D:1      | 439 ||| DRINKING 2 purple potions.
   440 | D:1      | 440 ||| DROPPING scroll of butterflies.
   528 | D:2      | Noticed Terence
   537 | D:2      | Killed Terence
   538 | D:2      | Reached XP level 3. HP: 8/18 MP: 4/4
   612 | D:2      | Reached XP level 4. HP: 22/22 MP: 5/5
  1145 | D:2      | 1145 ||| UPGRADING to +4 ring of protection.
  1146 | D:2      | 1146 ||| UPGRADING to +5 ring of evasion.
  1147 | D:2      | 1147 ||| DROPPING ring of positive energy.
  1148 | D:2      | 1148 ||| DROPPING ring of resist corrosion.
  1149 | D:2      | 1149 ||| READING scroll labelled BOECIS TAME.
  1149 | D:2      | 1149 ||| IDENTIFYING murky green potion
  1150 | D:2      | 1150 ||| READING scroll labelled ANUJAE NUTU.
  1150 | D:2      | 1150 ||| ENCHANTING +0 shortbow.
  1151 | D:2      | 1151 ||| READING scroll labelled ZIHYOMN WOEJ.
  1155 | D:2      | 1155 ||| READING scroll labelled GIGEUTHOUPEG.
  1156 | D:2      | 1156 ||| READING scroll labelled AXEANA UNWIAM.
  1242 | D:3      | HP: 4/22 [burnt (5)]
  1243 | D:3      | HP: 1/22 [burnt (3)]
  1244 | D:3      | Incinerated by a bombardier beetle

Levels and vault maps discovered:
D:1:      wander_arrival_fairy_ring, layout_basic
D:2:      layout_loops_ring, uniq_terence
D:3:      layout_loops_ring

Skill      XL: |  1  2  3  4 |
---------------+-------------+-----
Dodging        | 3 4 5 |  5.4
Ranged Weapons | 5 |  5.0
Fighting       | |  1.5
Stealth        | |  1.5

Action                     |  1- 3 |  4- 6 || total
---------------------------+-------+-------++-------
   Fire: Shortbow          |    47 |    38 ||    85
    Use: Scroll            |     1 |     5 ||     6
         Potion            |     1 |       ||     1
 Armour: Robe              |     5 |       ||     5
  Dodge: Dodged            |    12 |    14 ||    26

Table legend:
 A = Non-vault XP
 B = Vault XP
 C = Vault XP percentage of total XP
 D = Non-vault monster count
 E = Vault monster count
 F = Vault count percentage of total count
                 A         B        C        D         E       F
            +---------+---------+-------+---------+---------+-------
      Total |     141 |      38 |  21.2 |      36 |       1 |   2.7
            +---------+---------+-------+---------+---------+-------
        D:1 |      29 |       0 |   0.0 |      16 |       0 |   0.0
        D:2 |      58 |      38 |  39.6 |      19 |       1 |   5.0
        D:3 |      54 |       0 |   0.0 |       1 |       0 |   0.0
            +---------+---------+-------+---------+---------+-------
